 Dungeon Crawl Stone Soup version 0.26.1-11-gd32895ea62 (webtiles) character file.

Game seed: 3328238318897308867

1821 buriedalive the Nimble (level 8, -5/41 HPs)
             Began as a Deep Elf Conjurer on June 21, 2021.
             Was a Follower of Ashenzari.
             Shot with an arrow by a centaur (12 damage)
             ... on level 7 of the Dungeon.
             The game lasted 00:14:17 (8039 turns).

buriedalive the Nimble (Deep Elf Conjurer)          Turns: 8039, Time: 00:14:18

Health: -5/41      AC: 12    Str:  4    XL:     8   Next: 85%
Magic:  8/14       EV: 17    Int: 26    God:    Ashenzari [*.....]
Gold:   90         SH:  5    Dex: 13    Spells: 6/13 levels left

rFire    . . .     SeeInvis .   r - +8 dagger (venom) (curse)
rCold    . . .     Faith    .   y - +2 buckler {reflect}
rNeg     . . .     Spirit   .   a - +0 robe
rPois    +         Reflect  +   s - +2 helmet (curse)
rElec    .         Harm     .   D - +2 cloak (curse)
rCorr    .         Rampage  .   x - +0 pair of gloves
Will     .....                  l - +2 pair of boots (curse)
Stlth    +++.......             u - amulet of regeneration (curse)
HPRegen  0.53/turn              E - ring of poison resistance (curse)
MPRegen  0.14/turn              F - ring of stealth

@: no status effects
A: no striking features
a: Renounce Religion, Curse Item, Scrying


You were on level 7 of the Dungeon.
You worshipped Ashenzari.
Ashenzari was aware of your devotion.
You visited 2 branches of the dungeon, and saw 8 of its levels.

You collected 312 gold pieces.
You spent 222 gold pieces at shops.

Inventory:

Hand Weapons
 r - a cursed +8 dagger of venom (weapon)
Missiles
 d - 249 stones
 i - 6 javelins
 o - a throwing net
 w - 33 poisoned darts (quivered)
Armour
 a - a +0 robe (worn)
 l - a cursed +2 pair of boots (worn)
 s - a cursed +2 helmet (worn)
 x - a +0 pair of gloves (worn)
 y - a +2 buckler of reflection (worn)
 D - a cursed +2 cloak (worn)
Magical Staves
 G - an uncursed staff of death
Jewellery
 u - a cursed amulet of regeneration (around neck)
 E - a cursed ring of poison resistance (left hand)
 F - a ring of stealth (right hand)
Wands
 p - a wand of random effects (19)
 q - a wand of acid (4)
 C - a wand of paralysis (8)
Scrolls
 e - 5 scrolls of teleportation
 f - a scroll of amnesia
 t - 2 scrolls of remove curse
Potions
 b - a potion of might
 g - a potion of cancellation
 h - 2 potions of ambrosia
 j - 3 potions of berserk rage
 k - a potion of haste
 m - a potion of invisibility
 n - 3 potions of curing {unknown}
 v - 2 potions of degeneration {unknown}
 z - a potion of brilliance {unknown}
 A - a potion of flight {unknown}
 B - a potion of mutation {unknown}


   Skills:
 + Level 9.6 Dodging
 - Level 2.4 Stealth
 - Level 3.0 Spellcasting
 + Level 9.5 Conjurations
 + Level 4.2 Hexes


You had 6 spell levels left.
You knew the following spells:

 Your Spells              Type           Power        Failure   Level
a - Magic Dart            Conj           100%         1%          1
b - Searing Ray           Conj           100%         1%          2
c - Fulminant Prism       Conj/Hex       19%          10%         4

Your spell library contained the following spells:

 Spells                   Type           Power        Failure   Level
 Dazzling Flash           Conj/Hex       78%          2%          3
 Iskenderun's Mystic Bla  Conj/Tloc      28%          22%         4


Dungeon Overview and Level Annotations

Branches:
Dungeon (7/15)             Temple (1/1) D:4

Altars:
Ashenzari
Nemelex Xobeh
Qazlal
Ru
Sif Muna
Uskayaw
Wu Jian
Xom
Yredelemnul
Zin

Shops:
D:4 [   D:6 [


Message History

Unknown command.
You hit the orc warrior.
The orc warrior is poisoned.
The orc warrior is lightly wounded.
Unknown command.
You feel much better.
The orc warrior hits you with a +0 mace!
* * * LOW HITPOINT WARNING * * *
Unknown command.
Okay, then.
A centaur comes into view.
The centaur shouts!
The centaur wields a +0 shortbow.
The centaur shoots an arrow.
The arrow barely misses you.
The centaur shoots an arrow.
The arrow hits you.
* * * LOW HITPOINT WARNING * * *
You see here an arrow.
The centaur shoots an arrow.
You reflect the arrow off your +2 buckler of reflection!
The arrow hits the centaur!
The centaur shoots an arrow.
The arrow hits you!
You die...

#.# .. ###.####..
#.......##..
##...#......##
#.<.)........# ..
##.......#...###..
#........# .....#.
##........##.#.....
#.........@.....)c.
#......####o...###
##.....###(..###
###.........###
####........#
#....##...<#.#.
#........##........
##........)........
#.................


You could see an orc warrior (poisoned) and a centaur.

Vanquished Creatures
  Maggie (D:7)
  Grinder (D:3)
  A sky beast (D:7)
  An ice beast (D:5)
  An ogre (D:7)
  2 phantoms
  A centaur (D:5)
  2 scorpions (D:6)
  2 howler monkeys
  2 orc priests
  Crazy Yiuf (D:3)
  A bullfrog skeleton (D:5)
  An iguana (D:6)
  3 orc wizards
  4 worker ants (D:4)
  Robin (D:2)
  3 gnolls (D:6)
  2 howler monkey skeletons (D:4)
  8 adders
  A white imp (D:7)
  An ufetubus (D:3)
  An ooze (D:4)
  6 worms
  4 dart slugs
  8 leopard geckos
  11 orcs
  5 giant cockroaches
  16 goblins
  20 hobgoblins
  11 jackals
  8 kobolds
  3 quokkas
  3 ball pythons
  8 bats
  5 frilled lizards
  A jackal skeleton (D:4)
  2 quokka skeletons
  9 rats
  A butterfly (D:2)
162 creatures vanquished.

Notes
Turn   | Place    | Note
-------+----------+-------------------------------------------
     0 | D:1      | buriedalive the Deep Elf Conjurer began the quest for the
                  | Orb.
     0 | D:1      | Reached XP level 1. HP: 10/10 MP: 6/6
   327 | D:1      | Reached XP level 2. HP: 15/15 MP: 2/8
   842 | D:1      | Reached skill level 5 in Conjurations
   842 | D:1      | Reached XP level 3. HP: 15/19 MP: 5/9
   845 | D:1      | Learned a level 2 spell: Searing Ray
  1809 | D:2      | Found a shimmering altar of Xom.
  2110 | D:2      | Reached XP level 4. HP: 24/24 MP: 7/10
  2269 | D:2      | Noticed Robin
  2272 | D:2      | Killed Robin
  2996 | D:3      | Reached XP level 5. HP: 28/28 MP: 5/11
  3100 | D:3      | Reached skill level 5 in Dodging
  3423 | D:3      | Found an ornate altar of the Wu Jian Council.
  3696 | D:3      | Found a runed translucent door.
  3697 | D:3      | Noticed Crazy Yiuf
  3738 | D:3      | Noticed Grinder
  3756 | D:3      | Killed Grinder
  3757 | D:3      | Reached XP level 6. HP: 29/32 MP: 2/12
  3905 | D:3      | Found a faded altar of an unknown god.
  4216 | D:3      | Killed Crazy Yiuf
  4523 | D:4      | Reached XP level 7. HP: 34/36 MP: 1/13
  5238 | D:4      | Found a staircase to the Ecumenical Temple.
  5253 | Temple   | Entered the Ecumenical Temple
  5260 | Temple   | Became a worshipper of Ashenzari the Shackled
  5554 | D:4      | Found Ijaits's Armour Shoppe.
  5826 | D:5      | Entered Level 5 of the Dungeon
  6610 | D:5      | Reached XP level 8. HP: 41/41 MP: 8/14
  6696 | D:5      | Reached * piety under Ashenzari
  7244 | D:6      | Found Kotwoh's Armour Shoppe.
  7257 | D:6      | Bought a +2 buckler of reflection for 222 gold pieces
  7267 | D:6      | Learned a level 4 spell: Fulminant Prism
  7434 | D:6      | Found a shimmering blue altar of Sif Muna.
  7513 | D:6      | Reached skill level 1 in Hexes
  8011 | D:7      | Noticed Maggie
  8030 | D:7      | Killed Maggie
  8039 | D:7      | Shot with an arrow by a centaur

Illustrated notes

Levels and vault maps discovered:
D:1:      moated_graveyard_arrival, layout_loops_ring
D:2:      layout_rooms, xom_butterflies, minmay_misc_feat_alley,
          minmay_pentomino_o2, uniq_robin
D:3:      layout_rooms, old_standard_altar, chequers_ecumenical_altar_simple,
          kennysheep_crisscross, uniq_grinder, uniq_crazy_yiuf_cottage
D:4:      layout_gridville, minmay_temple_entry_waves, serial_shops,
          nicolae_shop_waterfront, hangedman_decor_diamond_cutter
D:5:      layout_gridville
D:6:      layout_cave_pools, lemuel_blue_sif_altar, serial_shops,
          nicolae_shop_temple_entry_statues_fountains, grunt_ministairs_6
D:7:      layout_cave_pools, makhleb_blood_cavern_becter, uniq_harold,
          uniq_maggie, uniq_menkaure
Temple:   eino_temple_rhombus

Skill      XL: |  1  2  3  4  5  6  7  8 |
---------------+-------------------------+-----
Dodging        | 3 4 6 8 9 |  9.6
Conjurations   | 5 6 7 8 9 |  9.5
Hexes          | 4 |  4.2
Stealth        | |  2.4
Spellcasting   | |  3.0

Action                   |  1- 3 |  4- 6 |  7- 9 || total
-------------------------+-------+-------+-------++-------
Melee: Unarmed           |     1 |       |       ||     1
       Dagger            |     6 |    34 |    49 ||    89
       Quarterstaff      |       |     4 |     2 ||     6
Throw: Dart              |       |       |     1 ||     1
 Cast: Magic Dart        |    62 |    59 |    16 ||   137
       Searing Ray       |    12 |    24 |    29 ||    65
Invok: Curse Item        |       |       |     5 ||     5
  Use: Scroll            |       |     2 |    19 ||    21
       Potion            |       |       |     2 ||     2
 Stab: Sleeping          |     1 |     1 |     7 ||     9
Armor: Robe              |     3 |    15 |    12 ||    30
Dodge: Dodged            |    18 |    35 |    42 ||    95
Block: Buckler           |       |       |     6 ||     6
       Reflection        |       |       |     1 ||     1
